 Dungeon Crawl Stone Soup version 0.24.0-125-gc4c63601f3 (webtiles) character file.

Game seed: 5857065230391499739, levelgen mode: deterministic

216 Ereth the Chopper (level 5, 0/72 HPs)
             Began as a Hill Orc Abyssal Knight on Mar 9, 2020.
             Was a Believer of Lugonu.
             Killed by divine providence
             ... invoked by an orc priest
              (15 damage)
             ... on level 4 of the Dungeon on Mar 10, 2020.
             The game lasted 00:08:30 (3607 turns).

Ereth the Chopper (Hill Orc Abyssal Knight)         Turns: 3607, Time: 00:08:30

Health: 0/72       AC: 11    Str: 21    XL:     5   Next: 93%
Magic:  6/6        EV:  5    Int: 12    God:    Lugonu [**....]
Gold:   134        SH:  8    Dex: 10    Spells: 4/4 levels left

rFire    . . .     SeeInvis .   p - +0 war axe
rCold    . . .     Gourm    .   n - +0 shield
rNeg     . . .     Faith    .   s - +0 chain mail
rPois    .         Spirit   .   o - +1 helmet
rElec    .         Reflect  .   (no cloak)
rCorr    .         Harm     .   (no gloves)
MR       .....                  (no boots)
Stlth    ..........             r - amulet of rage
HPRegen  0.22/turn              (no ring)
MPRegen  0.10/turn              (no ring)

@: berserking, very quick
A: no striking features
a: Depart the Abyss, Bend Space, Renounce Religion, Convert to Beogh, Evoke
Berserk Rage


You were on level 4 of the Dungeon.
You worshipped Lugonu.
Lugonu was pleased with you.
You were hungry.

You visited 1 branch of the dungeon, and saw 4 of its levels.
You visited the Abyss 1 time.

You collected 134 gold pieces.

Inventory:

Hand Weapons
 a - a +2 hand axe
 p - a +0 war axe (weapon)
Armour
 n - a +0 shield (worn)
 o - a +1 helmet (worn)
 q - a +0 scale mail
 s - a +0 chain mail (worn)
Jewellery
 r - an amulet of rage (around neck)
Scrolls
 d - 6 scrolls of identify
 e - 10 scrolls of teleportation
 h - a scroll of magic mapping
 j - 2 scrolls of remove curse
 m - a scroll of fear
 t - a scroll of enchant weapon
Potions
 f - a potion of brilliance
 g - 2 potions of cancellation {unknown}
 i - a potion of mutation
 k - 2 potions of might
 l - a potion of lignification
Comestibles
 c - 9 rations


   Skills:
 + Level 5.0 Fighting
 + Level 5.0 Axes
 + Level 3.8 Armour
 + Level 1.0 Dodging
 + Level 0.1 Stealth
 + Level 1.5 Shields
 + Level 2.4 Invocations


You had 4 spell levels left.
You didn't know any spells.
Your spell library was empty.

Dungeon Overview and Level Annotations

Branches:
Dungeon (4/15)
 Temple: D:4-7

Altars:
Cheibriados
Qazlal
Uskayaw

Annotations:
D:4 3 runed translucent doors, Nicoed's ghost, amateur MiFi


Message History

The orc shouts!
The orc priest calls down the wrath of Beogh upon you.
Beogh smites you!
* * * LOW HITPOINT WARNING * * *
All of the chunks of flesh in your inventory have rotted away.
A red film seems to cover your vision as you go berserk!
You feel yourself moving faster!
You feel mighty!
You are feeling hungry.
The orc priest hits you but does no damage.
The orc priest shouts, "Beogh is our master!
Accept the truth or die!"
You slash the orc!
You kill the orc!
Lugonu accepts your kill.
You slash the orc priest!
The orc priest shouts, "Beogh is our master!
Accept the truth or die!"
You closely miss the orc priest.
The orc priest shouts, "Join the one true god or die!"
The orc priest calls down the wrath of Beogh upon you.
Beogh smites you!
You die...

....... ####### .......
#...... ....... #.#####
..... #.#.... #...
#.#W.##
###.#.#############.#r.##
#...................#lZ..
#.#....###########..#l$##
#......#@)..o... #..#..##
.[..>....oo......
#).#....
#######.########.
#..##### .... #.......
###.# #.##.### ... #.##.#
..# #.##.### ...#
#.##.... ... #.######


You could see 2 orc priests and an orc.

Vanquished Creatures
  An orc wizard (D:4)
  A bullfrog skeleton (D:4)
  A worker ant (D:4)
  A hound skeleton (D:4)
  4 adders
  2 worms
  A dart slug (D:2)
  3 leopard geckos
  4 orcs (D:4)
  6 bats
  2 giant cockroaches
  4 goblins
  9 hobgoblins
  13 jackals
  4 kobolds
  2 quokkas
  3 ball pythons
  7 frilled lizards
  7 rats
75 creatures vanquished.

Notes
Turn   | Place    | Note
-------+----------+-------------------------------------------
     0 | Abyss:1  | Ereth the Hill Orc Abyssal Knight began the quest for the
                  | Orb.
     0 | Abyss:1  | Reached XP level 1. HP: 19/19 MP: 2/2
     0 | D:1      | Escaped the Abyss
   140 | D:1      | Reached XP level 2. HP: 25/27 MP: 3/3
   595 | D:2      | Found a stormy altar of Qazlal.
   664 | D:2      | Reached * piety under Lugonu
   664 | D:2      | Reached XP level 3. HP: 22/34 MP: 4/4
  1028 | D:2      | Reached skill level 1 in Dodging
  1477 | D:2      | Reached XP level 4. HP: 41/41 MP: 5/5
  1496 | D:3      | Reached ** piety under Lugonu
  1605 | D:3      | Reached skill level 1 in Shields
  1852 | D:3      | Found a hide-covered altar of Uskayaw.
  1852 | D:3      | Found a snail-covered altar of Cheibriados.
  2922 | D:4      | Reached XP level 5. HP: 42/47 MP: 6/6
  2938 | D:4      | Noticed Nicoed's ghost (amateur MiFi)
  2939 | D:4      | Found a runed translucent gate.
  2939 | D:4      | Found a runed translucent gate.
  2939 | D:4      | Found a runed translucent gate.
  3377 | D:4      | Reached skill level 5 in Axes
  3598 | D:4      | Reached skill level 5 in Fighting
  3607 | D:4      | Killed from afar by an orc priest

Levels and vault maps discovered:
D:1:      tarquinn_simple_flora_water_f, layout_rooms, serial_forest,
          infiniplex_forest_clump_medium, infiniplex_forest_fountain,
          infiniplex_forest_clump_tiny, infiniplex_forest_join
D:2:      layout_loops_ring, grunt_qazlal_sundering, serial_park_tiny_2
D:3:      layout_basic, gammafunk_temple_overflow_elements
D:4:      layout_basic, first_ration, gammafunk_ghost_split, minmay_checkerbox

Skill      XL: |  1  2  3  4  5 |
---------------+----------------+-----
Axes           | 3 4 5 |  5.0
Fighting       | 4 5 |  5.0
Dodging        | 1 |  1.0
Shields        | 1 |  1.5
Armour         | 3 |  3.8
Stealth        | |  0.1
Invocations    | |  2.4

Action                   |  1- 3 |  4- 6 || total
-------------------------+-------+-------++-------
Melee: Hand axe          |   149 |   118 ||   267
       War axe           |       |    12 ||    12
Invok: Depart the Abyss  |     1 |       ||     1
 Abil: Evoke Berserk Rag |       |     2 ||     2
  Use: Scroll            |    10 |     4 ||    14
  Eat: Chunk             |     2 |     5 ||     7
       Ration            |       |     1 ||     1
Armor: Leather armour    |    18 |       ||    18
       Scale mail        |    57 |    57 ||   114
       Chain mail        |       |    11 ||    11
Dodge: Dodged            |    68 |    27 ||    95
Block: Shield            |    36 |    47 ||    83
